 Dungeon Crawl Stone Soup version 0.23-a0-151-gf6d1ed2 (webtiles) character file.

93282 Gildeon the Bludgeoner (level 16, -4/77 HPs)
             Began as a Gargoyle Fighter on Sept 5, 2018.
             Was the Champion of Makhleb.
             Slain by a cyan very ugly thing (8 damage)
             ... while paralysed by accursed screaming
             ... on level 2 of the Abyss on Sept 7, 2018.
             The game lasted 01:43:15 (24231 turns).

Gildeon the Bludgeoner (Gargoyle Fighter)          Turns: 24231, Time: 01:43:16

Health: -4/77      AC: 37    Str: 18 (22) XL:     16   Next: 8%
Magic:  23/23      EV:  2    Int: 12      God:    Makhleb [******]
Gold:   1181       SH:  0    Dex:  5 (7)  Spells: 17/25 levels left

rFire    . . .     SeeInvis .   A - +1 flail (drain)
rCold    + . .     Gourm    .   c - +0 shield
rNeg     + + .     Faith    .   C - +0 shadow dragon scales
rPois    ∞         Spirit   .   n - +2 helmet
rElec    +         Reflect  .   U - +2 cloak {MR+}
rCorr    .         Harm     .   s - +1 pair of gloves
MR       ++...                  w - +0 pair of boots
Stlth    ++........             B - macabre finger necklace {rN+}
HPRegen  0.22/turn              b - +3 ring of evasion
MPRegen  0.18/turn              N - ring of protection from cold
                                (no ring)

@: paralysed, flying
A: big wings, [blurry vision 3], [clumsy 2], [deterioration 2], [frail 2],
negative energy resistance 1, electricity resistance, unbreathing, petrification
resistance, rot immunity, AC +12
a: Stop Flying, Minor Destruction, Lesser Servant of Makhleb, Major Destruction,
Greater Servant of Makhleb, Renounce Religion


You were on level 2 of the Abyss.
You worshipped Makhleb.
Makhleb was exalted by your worship.
You were not hungry.

You visited 4 branches of the dungeon, and saw 23 of its levels.
You visited the Abyss 1 time.
You also visited: Sewer.

You collected 1976 gold pieces.
You spent 795 gold pieces at shops.

Inventory:

Hand Weapons
 A - a +1 flail of draining (weapon)
Armour
 c - a +0 shield (worn)
 n - a +2 helmet (worn)
 s - a +1 pair of gloves (worn)
 w - a +0 pair of boots (worn)
 C - +0 shadow dragon scales (worn)
 I - a scarf of cloud immunity
 U - a +2 cloak of magic resistance (worn)
Jewellery
 b - a +3 ring of evasion (left hand)
 B - the macabre finger necklace (around neck) {rN+}
   (You bought it in a shop on level 2 of the Orcish Mines)

   [amulet of nothing]

   It protects you from negative energy.
 N - a ring of protection from cold (right hand)
Wands
 p - a wand of disintegration (10)
 q - a wand of paralysis (45)
 r - a wand of clouds (7)
 z - a wand of acid (16)
 D - a wand of flame (15)
 F - a wand of random effects (34)
 P - a wand of iceblast (16)
 S - a wand of digging (7)
Scrolls
 e - 5 scrolls of remove curse
 g - 2 scrolls of vulnerability {unknown}
 h - a scroll of summoning
 i - 2 scrolls of blinking {unknown}
 j - 6 scrolls of teleportation
 k - 5 scrolls of fear
 l - 2 scrolls of enchant armour
 o - 5 scrolls of fog
 t - 7 scrolls of enchant weapon
 y - a scroll of amnesia {unknown}
 M - 3 scrolls of brand weapon
 O - 2 scrolls of silence {unknown}
 R - a scroll of immolation {unknown}
 T - a scroll of acquirement {unknown}
 V - a scroll of holy word {unknown}
Potions
 d - 4 potions of brilliance
 u - 3 potions of cancellation
 v - 2 potions of haste
 x - 11 potions of curing
 H - a potion of invisibility
 J - a potion of ambrosia
 Q - a potion of lignification
Comestibles
 f - 39 rations


   Skills:
 - Level 10.0 Fighting
 - Level 15.9 Maces & Flails
 - Level 10.0 Armour
 - Level 5.0 Dodging
 + Level 12.2 Shields
 - Level 5.1 Spellcasting
 - Level 5.1 Conjurations
 + Level 3.0 Hexes
 - Level 5.0 Charms
 + Level 2.0 Air Magic
 - Level 5.2 Invocations
 - Level 5.0 Evocations


You had 17 spell levels left.
You knew the following spells:

 Your Spells              Type           Power        Failure   Level  Hunger
a - Magic Dart            Conj           ###.         30%         1    None
b - Infusion              Chrm           ###.         30%         1    None
c - Shock                 Conj/Air       ##..         50%         1    None
d - Corona                Hex            ##.....      56%         1    None
e - Searing Ray           Conj           ###...       41%         2    ##.....
f - Song of Slaying       Chrm           ###.....     43%         2    ##.....

Your spell library contained the following spells:

 Spells                   Type           Power        Failure   Level  Hunger
 Swiftness                Chrm/Air       ##......     65%         2    ##.....
 Slow                     Hex            ##......     71%         2    ##.....
 Shroud of Golubria       Chrm/Tloc      #.........   78%         2    ##.....
 Dazzling Spray           Conj/Hex       ##....       80%         3    ###....
 Spectral Weapon          Hex/Chrm       ##......     80%         3    ###....
 Static Discharge         Conj/Air       ##......     86%         3    ###....
 Ensorcelled Hibernation  Hex/Ice        #.....       89%         2    ##.....
 Confuse                  Hex            ##......     91%         3    ###....
 Tukima's Dance           Hex            ##......     91%         3    ###....
 Animate Skeleton         Necr           N/A          94%         1    None
 Pain                     Necr           #...         94%         1    None
 Conjure Flame            Conj/Fire      #.......     94%         3    ###....
 Mephitic Cloud           Conj/Pois/Air  #.......     95%         3    ###....
 Regeneration             Chrm/Necr      #.........   95%         3    ###....
 Iskenderun's Mystic Bla  Conj           ###.....     96%         4    ####...
 Blink                    Tloc           N/A          98%         2    ##.....
 Call Imp                 Summ           #.......     98%         2    ##.....
 Inner Flame              Hex/Fire       #.......     98%         3    ###....
 Portal Projectile        Hex/Tloc       #.....       98%         3    ###....
 Fulminant Prism          Conj/Hex       ##........   99%         4    ####...
 Vampiric Draining        Necr           #.........   100%        3    ###....
 Airstrike                Air            #.........   100%        4    ####...
 Animate Dead             Necr           N/A          100%        4    ####...
 Cause Fear               Hex            ##........   100%        4    ####...
 Force Lance              Conj/Tloc      #.......     100%        4    ####...
 Leda's Liquefaction      Hex/Erth       #.........   100%        4    ####...
 Lightning Bolt           Conj/Air       ##........   100%        5    ######.
 Silence                  Hex/Air        #.........   100%        5    ######.
 Yara's Violent Unravell  Hex/Tmut       #.........   100%        5    ######.
 Deflect Missiles         Chrm/Air       ##........   100%        6    #######
 Discord                  Hex            ##........   100%        8    #######


Dungeon Overview and Level Annotations

Branches:
Dungeon (14/15)            Temple (1/1) D:5            Lair (6/6) D:11
 Shoals (0/4) Lair:4        Snake (0/4) Lair:2        Slime (0/5) Lair:5
    Orc (2/2) D:12            Elf (0/3) Orc:2
 Vaults: D:13-14

Altars:
Ashenzari
Cheibriados
Dithmenos
Elyvilon
Fedhas
Gozag
Hepliaklqana
Kikubaaqudgha
Makhleb
Nemelex Xobeh
Okawaru
Qazlal
Ru
Sif Muna
Trog
Uskayaw
Vehumet
Wu Jian
Xom
Yredelemnul
Zin
The Shining One
Beogh

Shops:
D:10 (   D:13 }   Orc:2 ([=*

Annotations:
D:7 1 runed door, CcS's ghost, novice DEFE
D:11 exclusion: 2 oklob plants
D:14 exclusion: Roxanne, Louise; Roxanne
Lair:6 exclusion: 4 oklob plants


Innate Abilities, Weirdness & Mutations

You are resistant to torment.
Your stone body is resilient. (AC +12)
You are immune to poison.
Your large and strong wings let you fly indefinitely.
You resist negative energy. (rN+)
You are resistant to electric shocks. (rElec)
You can survive without breathing.
You are immune to petrification.
You are immune to rotting.
[Scrolls take you much longer to read.]
[You are very clumsy. (Dex -4)]
[Your body often deteriorates upon taking damage.]
[You are very frail. (-20% HP)]


Message History

You block the starcursed mass's attack.
The cyan very ugly thing punches you but does no damage.
You begin reading the scroll.
You continue reading the scroll.
The cyan very ugly thing gurgles horribly!
The starcursed mass barely misses you.
A starcursed mass splits.
You block the cyan very ugly thing's attack.
You continue reading the scroll.
The cyan very ugly thing basks in the mutagenic energy from its kin and The starcursed mass engulfs you but does no damage.
A starcursed mass splits.
The green very ugly thing claws you.
* * * LOW HITPOINT WARNING * * *
A cacophony of accursed wailing tears at your sanity!
* * * LOW HITPOINT WARNING * * *
You suddenly lose the ability to move!
A starcursed mass splits.
The cyan very ugly thing completely misses you.
The green very ugly thing claws you but does no damage.
The cyan very ugly thing punches you.
* * * LOW HITPOINT WARNING * * *
The cyan very ugly thing shocks you! You resist.
You die...

#... ## # # .##.
#### ## ......... #
# # . ####
.........###
#.......
....Xu..XXu###..
.... . # .u..X.
.#Xuu###......#. .
....
...#XXuX#.X....... .
...uX
Xu...#uu#X...... .#
..###....####@X#...#
. . # ..## ###X.....
..# #...#. #..##. .#
#... # #...## # ..##
#.# . ### # #..# x.
. # . ... ##..# #
#.. .. . + #... ..


You could see 10 starcursed masses, 5 very ugly things and a cyan ugly thing.

Vanquished Creatures
  Frances (D:14)
  An orc warlord (Orc:2)
  Josephine (Lair:5)
  5 hydras
  A catoblepas (Lair:6)
  3 centaur warriors
  5 two-headed ogres
  6 death yaks (Lair:6)
  A deep troll shaman (Lair:6)
  Erica (Lair:2)
  Urug (D:10)
  An orc high priest (Orc:2)
  Nergalle (D:10)
  A wretched star (Abyss:2)
  An unseen horror (D:12)
  An ugly thing (D:12)
  4 orc knights
  An oklob plant (D:11)
  6 slime creatures
  3 orc sorcerers
  A deep elf mage (D:12)
  3 cyclopes
  2 elephants (Lair:6)
  A manticore (D:11)
  Psyche (D:10)
  4 black mambas
  10 spiny frogs
  Maurice (Orc:2)
  A smoke demon (Abyss:2)
  A gargoyle (D:10)
  8 komodo dragons
  3 rime drakes
  2 trolls
  5 polar bears
  A wolf spider simulacrum (D:14)
  Grinder (D:3)
  7 blink frogs
  7 hippogriffs
  Prince Ribbit (D:6)
  A snapping turtle (Lair:4)
  6 wraiths
  A ynoxinul (Abyss:2)
  A shadow (D:14)
  16 yaks
  Sigmund (D:4)
  A wyvern (D:12)
  Eustachio (D:5)
  3 vampire mosquitoes (D:14)
  A hungry ghost (D:7)
  Grum (D:10)
  A chaos spawn (Abyss:2)
  A steam dragon (Lair:4)
  2 wargs
  4 nagas (Lair:2)
  2 soldier ants (D:13)
  12 water moccasins
  Duvessa (D:4)
  13 porcupines
  3 sky beasts
  An ice beast (D:11)
  23 orc warriors
  An eye of draining (D:11)
  7 black bears
  11 ogres
  An ogre (shapeshifter) (D:14)
  14 wolves
  10 centaurs
  2 phantoms
  8 crocodiles
  20 bullfrogs
  7 big kobolds
  A wyvern zombie (D:13)
  A gnoll sergeant (D:3)
  Dowan (D:4)
  4 scorpions
  27 killer bees
  5 wights (D:12)
  5 howler monkeys
  2 electric eels (Lair:6)
  7 crimson imps
  8 hounds
  2 jellies
  2 quasits
  3 centaur skeletons
  3 gnoll shamans
  Crazy Yiuf (D:3)
  2 centaur zombies
  23 orc priests
  27 orc wizards
  2 iron imps
  A bullfrog skeleton (D:12)
  6 iguanas
  Ijyb (D:4)
  4 worker ants
  2 hound skeletons
  A howler monkey skeleton (D:5)
  A howler monkey zombie (D:11)
  Robin (D:2)
  40 gnolls
  5 river rats (Sewer)
  20 adders
  3 shadow imps
  2 oozes
  An adder skeleton (D:4)
  2 worms
  8 dart slugs
  12 leopard geckos
  75 orcs
  11 ball pythons
  7 bats
  6 giant cockroaches
  18 goblins
  9 hobgoblins
  33 jackals
  6 quokkas
  A ball python skeleton (D:4)
  5 frilled lizards
  A giant cockroach zombie (D:5)
  24 kobolds
  2 leopard gecko skeletons
  24 rats
740 creatures vanquished.

Vanquished Creatures (others)
  13 fungi
  25 plants
38 creatures vanquished.

Grand Total: 778 creatures vanquished

Notes
Turn   | Place    | Note
-------+----------+-------------------------------------------
     0 | D:1      | Gildeon the Gargoyle Fighter began the quest for the Orb.
     0 | D:1      | Reached XP level 1. HP: 14/14 MP: 1/1
   207 | D:1      | Reached XP level 2. HP: 19/19 MP: 2/2
   371 | D:1      | Reached skill level 3 in Maces & Flails
   594 | D:1      | Reached XP level 3. HP: 15/23 MP: 3/3
  1353 | D:2      | Reached skill level 4 in Maces & Flails
  1468 | D:2      | Noticed Robin
  1477 | D:2      | Reached XP level 4. HP: 28/28 MP: 4/4
  1488 | D:2      | Killed Robin
  2053 | D:3      | Reached skill level 5 in Maces & Flails
  2055 | D:3      | Reached XP level 5. HP: 32/32 MP: 5/5
  2211 | D:3      | Noticed Grinder
  2224 | D:3      | Paralysed by Grinder for 3 turns
  2230 | D:3      | Killed Grinder
  2230 | D:3      | Reached skill level 6 in Maces & Flails
  2230 | D:3      | Reached XP level 6. HP: 36/37 MP: 6/6
  2853 | D:3      | Reached skill level 7 in Maces & Flails
  3189 | D:3      | Reached XP level 7. HP: 39/41 MP: 7/7
  3329 | D:3      | Reached skill level 8 in Maces & Flails
  4103 | D:3      | Found a runed door.
  4107 | D:3      | Noticed Crazy Yiuf
  4113 | D:3      | Killed Crazy Yiuf
  4243 | D:4      | Learned a level 1 spell: Magic Dart
  4348 | D:4      | Noticed Dowan
  4348 | D:4      | Noticed Duvessa
  4352 | D:4      | Noticed Ijyb
  4370 | D:4      | Killed Duvessa
  4370 | D:4      | Reached XP level 8. HP: 41/48 MP: 8/8
  4385 | D:4      | Killed Dowan
  4404 | D:4      | Killed Ijyb
  4870 | D:4      | Noticed Sigmund
  4886 | D:4      | Killed Sigmund
  4886 | D:4      | Reached skill level 9 in Maces & Flails
  5061 | D:5      | Entered Level 5 of the Dungeon
  5096 | D:5      | Reached skill level 5 in Armour
  5096 | D:5      | Reached skill level 5 in Shields
  5102 | D:5      | Reached skill level 5 in Fighting
  5133 | D:5      | Reached XP level 9. HP: 23/54 MP: 9/9
  5443 | D:5      | Found a staircase to the Ecumenical Temple.
  5485 | Temple   | Entered the Ecumenical Temple
  5683 | Temple   | Became a worshipper of Makhleb the Destroyer
  5877 | D:5      | Reached skill level 10 in Maces & Flails
  6314 | D:5      | Noticed Eustachio
  6362 | D:5      | Killed Eustachio
  6362 | D:5      | Reached skill level 1 in Evocations
  6590 | D:6      | Reached * piety under Makhleb
  6759 | D:6      | Noticed Prince Ribbit
  6789 | D:6      | Killed Prince Ribbit
  6812 | D:6      | Found a glowing drain.
  6861 | Sewer    | Entered a sewer
  7099 | Sewer    | Reached ** piety under Makhleb
  7680 | D:6      | Reached XP level 10. HP: 52/59 MP: 12/12
  7960 | D:6      | Found a snail-covered altar of Cheibriados.
  8256 | D:7      | Reached *** piety under Makhleb
  8334 | D:7      | Reached skill level 11 in Maces & Flails
  8521 | D:7      | Found a runed door.
  8527 | D:7      | Noticed CcS's ghost (novice DEFE)
  8970 | D:7      | Reached **** piety under Makhleb
  9088 | D:8      | Reached skill level 5 in Evocations
  9214 | D:8      | Reached skill level 1 in Invocations
 10400 | D:9      | Reached ***** piety under Makhleb
 10505 | D:9      | Noticed a two-headed ogre
 10523 | D:9      | Killed a two-headed ogre
 10523 | D:9      | Reached XP level 11. HP: 39/63 MP: 14/14
 10955 | D:10     | Entered Level 10 of the Dungeon
 10985 | D:9      | Reached skill level 12 in Maces & Flails
 11043 | D:10     | Noticed Nergalle
 11074 | D:10     | Killed Nergalle
 11175 | D:10     | Noticed a two-headed ogre
 11186 | D:10     | Killed a two-headed ogre
 11186 | D:10     | Reached skill level 5 in Invocations
 11363 | D:10     | Noticed Psyche
 11369 | D:10     | Killed Psyche
 11369 | D:10     | Reached skill level 10 in Shields
 11375 | D:10     | Noticed Grum
 11393 | D:10     | Killed Grum
 11571 | D:10     | Reached skill level 1 in Dodging
 11643 | D:10     | Noticed Urug
 11664 | D:10     | Killed Urug
 11710 | D:10     | Found Tulup's Weapon Shop.
 11994 | D:11     | Found a staircase to the Lair.
 11996 | D:11     | Noticed an oklob plant
 12174 | D:11     | Found a blossoming altar of Fedhas.
 12177 | D:11     | Noticed an oklob plant
 12177 | D:11     | Noticed an oklob plant
 12730 | D:11     | Noticed a manticore
 12738 | D:11     | Killed a manticore
 12800 | D:11     | Noticed a cyclops
 12819 | D:11     | Killed a cyclops
 12819 | D:11     | Reached XP level 12. HP: 68/68 MP: 15/15
 13199 | D:11     | Reached skill level 13 in Maces & Flails
 13356 | Lair:1   | Entered Level 1 of the Lair of Beasts
 14418 | Lair:2   | Learned a level 1 spell: Infusion
 14420 | Lair:2   | Learned a level 1 spell: Shock
 14478 | Lair:2   | Noticed Erica
 14503 | Lair:2   | Killed Erica
 14578 | Lair:2   | Reached ****** piety under Makhleb
 14590 | Lair:2   | Reached skill level 5 in Dodging
 14632 | Lair:2   | Found a staircase to the Snake Pit.
 14970 | Lair:2   | Noticed a five-headed hydra
 14999 | Lair:2   | Killed a five-headed hydra
 14999 | Lair:2   | Reached skill level 1 in Spellcasting
 15592 | Lair:3   | Reached XP level 13. HP: 58/72 MP: 17/17
 15812 | Lair:3   | Reached skill level 14 in Maces & Flails
 16039 | Lair:3   | Learned a level 1 spell: Corona
 16154 | Lair:4   | Reached skill level 10 in Armour
 16646 | Lair:4   | Found a staircase to the Shoals.
 17258 | Lair:5   | Found a staircase to the Slime Pits.
 17805 | Lair:6   | Entered Level 6 of the Lair of Beasts
 17858 | Lair:6   | Noticed Josephine
 17893 | Lair:5   | Killed Josephine
 17893 | Lair:5   | Reached skill level 5 in Spellcasting
 18094 | Lair:6   | Reached skill level 1 in Conjurations
 18942 | Lair:6   | Reached skill level 15 in Maces & Flails
 18942 | Lair:6   | Gained mutation: Your large and strong wings let you fly
                  | indefinitely. [Gargoyle growth]
 18942 | Lair:6   | Reached XP level 14. HP: 84/84 MP: 21/21
 18980 | Lair:6   | Reached skill level 5 in Conjurations
 19198 | Lair:6   | Reached skill level 1 in Charms
 19221 | Lair:6   | Got a heavily runed cloak
 19236 | Lair:6   | Identified the +2 cloak "Gixuel" {+Inv} (You found it on
                  | level 6 of the Lair of Beasts)
 19869 | D:12     | Found a staircase to the Orcish Mines.
 20296 | Orc:1    | Entered Level 1 of the Orcish Mines
 20637 | Orc:2    | Entered Level 2 of the Orcish Mines
 21154 | Orc:2    | Noticed an orc warlord
 21180 | Orc:2    | Killed an orc warlord
 21335 | Orc:2    | Noticed Maurice
 21393 | Orc:2    | Killed Maurice
 21461 | Orc:2    | Found a roughly hewn altar of Beogh.
 21498 | Orc:2    | Found Qurug's Antique Armour Shop.
 21508 | Orc:2    | Reached skill level 10 in Fighting
 21547 | Orc:2    | Found Rifuq's Antique Weapon Shop.
 21572 | Orc:2    | Bought a pair of glowing gloves for 195 gold pieces
 21632 | Orc:2    | Found a staircase to the Elven Halls.
 21717 | Orc:2    | Found Banem's Jewellery Shop.
 21732 | Orc:2    | Found Pipuxet's General Store.
 21739 | Orc:2    | Bought the macabre finger necklace {rN+} for 600 gold
                  | pieces
 21739 | Orc:2    | Found the macabre finger necklace {rN+}
 22244 | D:11     | Learned a level 2 spell: Searing Ray
 22247 | D:11     | Learned a level 2 spell: Song of Slaying
 22440 | D:13     | Found Ujum's Gadget Shoppe.
 22636 | D:13     | Reached skill level 1 in Hexes
 22799 | D:13     | Reached skill level 5 in Charms
 22969 | D:13     | Reached XP level 15. HP: 92/92 MP: 22/22
 23243 | D:14     | Noticed Roxanne
 23567 | D:14     | Noticed Frances
 23594 | D:14     | Killed Frances
 23594 | D:14     | Reached skill level 1 in Air Magic
 23594 | D:14     | Reached XP level 16. HP: 57/97 MP: 23/23
 23931 | D:14     | Noticed Louise
 23988 | D:14     | Cast into level 2 of the Abyss (Louise)
 23994 | Abyss:2  | Upgraded the game from 0.23-a0-143-g1adec7b to
                  | 0.23-a0-151-gf6d1ed2
 24140 | Abyss:2  | Found a corrupted altar of Lugonu.
 24216 | Abyss:2  | Paralysed by accursed screaming for 1 turns
 24230 | Abyss:2  | Paralysed by accursed screaming for 2 turns
 24231 | Abyss:2  | Slain by a cyan very ugly thing

Vault maps used:
D:1:      shiori_shiawase, kennysheep_pointless_box
D:2:      uniq_robin
D:3:      lemuel_castle_with_subvaults, first_ration, uniq_crazy_yiuf_cottage,
          uniq_grinder
D:4:      uniq_sigmund, uniq_duvessa, uniq_ijyb
D:5:      minmay_temple_entry_butterflies, saegor_snake_ambush, uniq_eustachio
D:6:      slow_altar_2, portal_sewer_entry_f, uniq_prince_ribbit1
D:7:      ebering_ghost_reflecting_pool
D:8:      serial_corexii_hall, corexii_hall_statues_x, corexii_hall_statues_u
D:10:     serial_shops, shop, grunt_ogre_cave, uniq_nergalle, uniq_grum,
          uniq_urug, uniq_psyche
D:11:     dpeg_oklobed_lair, basic_loot_grate_trap, hangedman_tree_tricks,
          minmay_fountain_box, nrook_loot_triangle
D:12:     orc_0_dummy
D:13:     serial_shops, shop
D:14:     thingy_vault, david_vaults_2, grunt_decor_arrowhead, uniq_louise,
          uniq_roxanne, uniq_frances
Temple:   roderic_octagonal_lattice_temple
Lair:1:   serial_forest, infiniplex_forest_lined_corner,
          infiniplex_forest_end_1, infiniplex_forest_straight_2,
          infiniplex_forest_clump_small
Lair:2:   minmay_snake_entry_guardpost_medium, serial_bayou_shore_b, uniq_erica
Lair:3:   beast_lair_carwin_8
Lair:4:   minmay_shoals_entry_hut, lemuel_fruit_tree
Lair:5:   slime_dummy, cheibrodos_lair_lostbears
Lair:6:   grunt_lair_end_beastmaster, infiniplex_staircase_pool,
          minmay_lair_oklob_chamber, lemuel_fruit_fields, uniq_josephine
Orc:2:    grunt_orc_cross, uniq_maurice
Sewer:    sewer_minmay_treatment

Skill      XL: |  1  2  3  4  5  6  7  8  9 10 11 12 13 14 15 16 |
---------------+-------------------------------------------------+-----
Maces & Flails | 3 4 5 6 7 8 9 10 11 12 13 15 | 15.9
Fighting       | 5 8 10 | 10.0
Armour         | 5 7 9 10 | 10.0
Shields        | 5 6 9 10 11 12 | 12.2
Evocations     | 3 5 |  5.0
Invocations    | 4 5 |  5.2
Dodging        | 3 5 |  5.0
Spellcasting   | 2 5 |  5.1
Conjurations   | 4 5 |  5.1
Charms         | 5 |  5.0
Hexes          | 1 2 3 |  3.0
Air Magic      | 1 2 |  2.0

Action                   |  1- 3 |  4- 6 |  7- 9 | 10-12 | 13-15 | 16-18 || total
-------------------------+-------+-------+-------+-------+-------+-------++-------
Melee: Flail             |   162 |   231 |   835 |  1313 |  1469 |   170 ||  4180
 Abil: Fly               |       |       |       |       |     1 |       ||     1
Evoke: Wand              |       |       |       |       |       |     6 ||     6
  Use: Potion            |       |     1 |     3 |     4 |     7 |     7 ||    22
       Scroll            |       |       |    13 |    13 |     9 |       ||    35
 Stab: Sleeping          |       |       |       |     9 |     6 |       ||    15
       Petrified         |       |       |       |       |    31 |       ||    31
  Eat: Chunk             |     2 |     6 |    16 |    41 |    21 |       ||    86
       Ration            |       |       |       |     1 |       |       ||     1
Armor: Scale mail        |    86 |   133 |   172 |       |       |       ||   391
       Chain mail        |       |       |   124 |       |       |       ||   124
       Plate armour      |       |       |   411 |       |       |       ||   411
       Shadow dragon sca |       |       |     2 |   645 |   670 |    97 ||  1414
Dodge: Dodged            |    42 |    81 |   205 |   482 |   524 |   105 ||  1439
Block: Shield            |    76 |   109 |   495 |   751 |   797 |   121 ||  2349

Table legend:
 A = Non-vault XP
 B = Vault XP
 C = Vault XP percentage of total XP
 D = Non-vault monster count
 E = Vault monster count
 F = Vault count percentage of total count
                 A         B        C        D         E       F
            +---------+---------+-------+---------+---------+-------
      Total |   56918 |   34824 |  38.0 |     517 |     223 |  30.1
            +---------+---------+-------+---------+---------+-------
        D:1 |      41 |       0 |   0.0 |      23 |       0 |   0.0
        D:2 |      54 |      33 |  37.9 |      20 |      11 |  35.5
        D:3 |      84 |     952 |  91.9 |      22 |      53 |  70.7
        D:4 |     302 |     470 |  60.9 |      27 |       4 |  12.9
        D:5 |     880 |     231 |  20.8 |      22 |       4 |  15.4
        D:6 |     786 |     310 |  28.3 |      27 |       8 |  22.9
        D:7 |    1858 |       0 |   0.0 |      41 |       0 |   0.0
        D:8 |     811 |       0 |   0.0 |      14 |       0 |   0.0
        D:9 |    2671 |       0 |   0.0 |      41 |       0 |   0.0
       D:10 |    2585 |    3508 |  57.6 |      35 |       9 |  20.5
       D:11 |    3474 |     565 |  14.0 |      27 |       1 |   3.6
       D:12 |    7356 |       0 |   0.0 |      24 |       0 |   0.0
       D:13 |    6044 |       0 |   0.0 |      37 |       0 |   0.0
       D:14 |    3982 |    2365 |  37.3 |      17 |       1 |   5.6
     Lair:1 |    3634 |       0 |   0.0 |      15 |       0 |   0.0
     Lair:2 |    3318 |    1505 |  31.2 |      14 |       5 |  26.3
     Lair:3 |    3242 |    1031 |  24.1 |      15 |       8 |  34.8
     Lair:4 |    5184 |     253 |   4.7 |      18 |       1 |   5.3
     Lair:5 |    2481 |    2477 |  50.0 |       9 |       6 |  40.0
     Lair:6 |    4462 |   12913 |  74.3 |      21 |      29 |  58.0
      Orc:1 |     737 |       0 |   0.0 |       9 |       0 |   0.0
      Orc:2 |    1306 |    7576 |  85.3 |      34 |      35 |  50.7
    Abyss:2 |    1626 |       0 |   0.0 |       5 |       0 |   0.0
      Sewer |       0 |     635 | 100.0 |       0 |      48 | 100.0
            +---------+---------+-------+---------+---------+-------
